 Dungeon Crawl Stone Soup version 0.18.1-50-g88ac8fd (webtiles) character file.

9672 protoss039 the Blocker (level 11, -5/100 HPs)
             Began as a Minotaur Fighter on Sept 4, 2016.
             Was a High Priest of Okawaru.
             Killed from afar by a fire giant (31 damage)
             ... with a bolt of fire
             ... on level 9 of the Dungeon on Oct 13, 2016.
             The game lasted 01:13:52 (9463 turns).

protoss039 the Blocker (Minotaur Fighter)           Turns: 9463, Time: 01:13:53

Health: -5/100     AC: 19    Str: 24    XL:     11   Next: 26%
Magic:  14/14      EV:  1    Int:  5    God:    Okawaru [*****.]
Gold:   579        SH: 12    Dex: 10    Spells: 0 memorised, 10 levels left

rFire  + . .     SeeInvis .     Z - +1 broad axe "Killer Klown's Bane" {chop, rElec}
rCold  . . .     Gourm    .     y - +0 plate armour
rNeg   + . .     Faith    .     c - +0 shield
rPois  .         Spirit   .     (helmet restricted)
rElec  +         Dismiss  .     (no cloak)
rCorr  .         Reflect  .     D - +0 pair of gloves
SustAt .         Harm     .     Q - +0 pair of boots
MR     .....     Rnd*Rage +     u - amulet of regeneration
Stlth  ..........               s - ring of positive energy
                                S - ring of protection from fire

@: not resistant to hostile enchantments, extremely unstealthy
A: retaliatory headbutt, horns 2, yellow scales 1, berserk 1, wild magic 1
a: Heroism, Finesse, Renounce Religion


You were on level 9 of the Dungeon.
You worshipped Okawaru.
Okawaru was extremely pleased with you.
You were not hungry.

You visited 2 branches of the dungeon, and saw 11 of its levels.

You collected 579 gold pieces.

Inventory:

Hand Weapons
 g - a +0 scimitar of protection
 R - the +1 whip of Asenkenyec {slash, rC++ Str-3}
   (You found it on level 9 of the Dungeon)

   It inflicts extra damage upon your enemies.
   It affects your strength (-3).
   It greatly protects you from cold.
 Z - the +1 broad axe "Killer Klown's Bane" (weapon) {chop, rElec}
   (Okawaru gifted it to you on level 9 of the Dungeon)

   It inflicts extra damage upon your enemies.
   It insulates you from electricity.
Missiles
 n - 58 poisoned needles
 X - 3 poisoned tomahawks (quivered)
Armour
 c - a +0 shield (worn)
 y - a +0 plate armour (worn)
 D - a +0 pair of gloves (worn)
 Q - a +0 pair of boots (worn)
Jewellery
 o - an uncursed ring of resist corrosion
 s - a ring of positive energy (right hand)
 u - an amulet of regeneration (around neck)
 B - an uncursed ring of ice
 O - a +6 amulet of reflection
 S - a ring of protection from fire (left hand)
Wands
 b - a wand of iceblast (0/15)
 m - a wand of slowing (21/48)
 p - a wand of flame (37/48)
 q - a wand of iceblast (0/15)
 x - a wand of paralysis (16/24)
 A - a wand of confusion (7/48)
 G - a wand of iceblast (7/15)
Scrolls
 d - 3 scrolls of teleportation
 h - 2 scrolls of enchant armour
 i - 3 scrolls of magic mapping
 w - 3 scrolls of remove curse
 C - a scroll of recharging
 E - 2 scrolls of fog
 K - a scroll of torment {unknown}
 M - a scroll of enchant weapon {unknown}
 N - a scroll of vulnerability {unknown}
 P - 2 scrolls of silence {unknown}
Potions
 e - 2 potions of heal wounds
 k - 2 potions of flight
 r - 2 potions of berserk rage
 t - a potion of invisibility
 v - 2 potions of cancellation {unknown}
 z - 2 potions of curing {unknown}
 F - a potion of magic {unknown}
 I - 2 potions of brilliance {unknown}
 L - 3 potions of lignification {unknown}
Comestibles
 a - a chunk of flesh
 f - 5 bread rations
 j - 6 meat rations
 l - 18 fruits
 H - 8 royal jellies
 J - 6 beef jerkies


   Skills:
 * Level 10.2 Fighting
 - Level 3.1 Long Blades
 * Level 10.0(10.2) Axes
 + Level 3.3(7.2) Maces & Flails
 + Level 9.9 Armour
 - Level 0.1 Stealth
 + Level 10.7 Shields
 * Level 5.9 Invocations
 + Level 0.3 Evocations


You had 10 spell levels left.
You didn't know any spells.

Dungeon Overview and Level Annotations

Branches:
Dungeon (10/15)            Temple (1/1) D:4            Lair (0/8) D:10
    Orc (0/2) D:9

Altars:
Ashenzari
Cheibriados
Dithmenos
Elyvilon
Fedhas
Gozag
Kikubaaqudgha
Makhleb
Nemelex Xobeh
Okawaru
Pakellas
Qazlal
Ru
Sif Muna
Trog
Vehumet
Xom
Yredelemnul
Zin
The Shining One

Shops:
D:4 :   D:5 %   D:7 %


Innate Abilities, Weirdness & Mutations

You reflexively headbutt those who attack you in melee.
You have a pair of horns on your head.
You are partially covered in yellow scales (AC +2).
You tend to lose your temper in combat.
Your spells are a little harder to cast, but a little more powerful.


Message History

There is a stone staircase leading down here.
The fire giant casts a spell at you. The bolt of fire hits you! You resist.
The fire giant casts a spell at you.
The fireball explodes!
The fireball engulfs you! You resist.
There is a stone staircase leading down here.
You start resting.
Eating one of 2 chunks of flesh.
This raw flesh tastes terrible.
You continue eating. x2
The fire giant gestures at you while chanting.
The bolt of fire hits you! You resist. The fire giant casts a spell at you.
The fireball explodes!
The fireball engulfs you! You resist. The fire giant casts a spell at you.
The bolt of fire hits you! You resist.
* * * LOW HITPOINT WARNING * * *
There is a stone staircase leading up here.
The fire giant casts a spell at you. The bolt of fire hits you! You resist.
You die...

##.#.# ########...# #..## #...#
####.#.#.#...## ##...
##..######..'#.#.##....## ##..#
#...#...#..#†#†#....#..####...#
##.#.....#####.#.##.###.........
#...#...## #######.###.........
###....## ##.....####.....##...
#..#..####......###....#####..
#.###...##..#@...#...C.## ##..
#.# ###.....#....C.###..###.#.
#### ##..........####..##.##. #.#
##.....##...##..#.##.... ##.#
##...)..##....####>.#.#.. #.##
##.......##..#...#...#.... ##.#
##.....#...#..##........##.
#..####......#......###..........
###.##...#...##....#####..#......


You could see a fire giant.

Vanquished Creatures
  Josephine (D:10)
  Fannar (D:10)
  2 death yaks
  A hill giant (D:9)
  Grinder (D:5)
  4 wraiths (D:10)
  5 yaks (D:9)
  A hippogriff (D:8)
  2 soldier ants (D:9)
  A water moccasin (D:6)
  4 porcupines (D:10)
  2 orc warriors
  A sky beast (D:6)
  2 ice beasts
  A black bear (D:10)
  A necrophage (D:5)
  A phantom (D:9)
  An eye of draining (D:10)
  4 centaurs
  4 ogres
  A crocodile (D:6)
  A big kobold (D:10)
  7 giant frogs
  A scorpion (D:5)
  3 killer bees (D:10)
  3 crimson imps (D:9)
  A centaur zombie (D:6)
  A wasp zombie (D:8)
  5 hounds
  4 jellies
  4 centaur skeletons
  3 orc priests
  6 giant frog skeletons
  19 orc wizards
  2 hell rats
  3 iguanas
  6 worker ants
  A sheep (D:9)
  2 hound skeletons (D:4)
  A howler monkey skeleton (D:6)
  9 adders
  2 shadow imps
  3 oozes
  An adder zombie (D:10)
  4 worms
  2 dart slugs (D:1)
  8 giant geckos
  42 orcs
  2 ball pythons
  11 bats
  4 giant cockroaches
  12 goblins
  3 hobgoblins
  13 jackals
  6 quokkas
  A giant gecko skeleton (D:6)
  6 giant newts
  11 kobolds
  7 rats
261 creatures vanquished.

Notes
Turn   | Place    | Note
--------------------------------------------------------------
     0 | D:1      | protoss039 the Minotaur Fighter began the quest for the Orb.
     0 | D:1      | Reached XP level 1. HP: 19/19 MP: 0/0
     6 | D:1      | Upgraded the game from 0.18.1-48-g4cf74bf to 0.18.1-50-g88ac8fd
    66 | D:1      | Reached XP level 2. HP: 26/27 MP: 1/1
   412 | D:1      | Reached XP level 3. HP: 33/33 MP: 2/2
  1339 | D:2      | Reached XP level 4. HP: 41/41 MP: 3/3
  1819 | D:3      | Reached skill level 5 in Fighting
  2122 | D:3      | Reached XP level 5. HP: 40/48 MP: 4/4
  2252 | D:3      | Found a shattered altar of Ashenzari.
  2312 | D:3      | Found a glowing golden altar of the Shining One.
  2662 | D:4      | Reached skill level 5 in Shields
  2927 | D:4      | Reached XP level 6. HP: 52/56 MP: 5/5
  2932 | D:4      | Found a staircase to the Ecumenical Temple.
  2944 | Temple   | Entered the Ecumenical Temple
  2969 | Temple   | Became a worshipper of Warmaster Okawaru
  3227 | D:4      | Found Vumeoch's Book Emporium.
  3353 | D:5      | Entered Level 5 of the Dungeon
  3372 | D:5      | Noticed Grinder
  3386 | D:5      | Killed Grinder
  3386 | D:5      | Reached * piety under Okawaru
  3386 | D:5      | Reached skill level 5 in Axes
  3386 | D:5      | Reached skill level 5 in Armour
  3386 | D:5      | Reached XP level 7. HP: 24/62 MP: 6/6
  3506 | D:5      | Reached skill level 1 in Invocations
  3769 | D:5      | Reached ** piety under Okawaru
  3826 | D:5      | Found Fuiket's Food Emporium.
  3844 | D:5      | Reached XP level 8. HP: 71/71 MP: 8/8
  4263 | D:5      | Gained mutation: You tend to lose your temper in combat. [potion of mutation]
  4263 | D:5      | Gained mutation: You are partially covered in yellow scales (AC +2). [potion of mutation]
  4263 | D:5      | Gained mutation: Your spells are a little harder to cast, but a little more powerful. [potion of mutation]
  5206 | D:6      | Reached XP level 9. HP: 76/80 MP: 10/10
  5291 | D:6      | Found a shimmering altar of Xom.
  5337 | D:7      | Found Silloufi's Food Shoppe.
  5353 | D:7      | Reached *** piety under Okawaru
  5465 | D:7      | Reached skill level 1 in Long Blades
  6195 | D:8      | Found a white marble altar of Elyvilon.
  6824 | D:9      | Reached **** piety under Okawaru
  6829 | D:9      | Found a staircase to the Orcish Mines.
  6877 | D:9      | Got a slimy whip
  6878 | D:9      | Identified the cursed +1 whip of Asenkenyec {slash, rC++ Str-3} (You found it on level 9 of the Dungeon)
  7584 | D:9      | Reached XP level 10. HP: 82/90 MP: 12/12
  7787 | D:9      | Reached skill level 1 in Maces & Flails
  7818 | D:10     | Entered Level 10 of the Dungeon
  7951 | D:10     | Found an opulent altar of Gozag.
  8045 | D:10     | Noticed Fannar
  8276 | D:10     | Killed Fannar
  8276 | D:10     | Reached ***** piety under Okawaru
  8428 | D:10     | Noticed Josephine
  8454 | D:10     | Killed Josephine
  8454 | D:10     | Reached skill level 10 in Shields
  8454 | D:10     | Reached skill level 5 in Invocations
  8666 | D:10     | Found a staircase to the Lair.
  8666 | D:10     | Noticed a death yak
  8669 | D:10     | Noticed a death yak
  8799 | D:10     | Received a gift from Okawaru
  8872 | D:10     | Reached XP level 11. HP: 69/99 MP: 14/14
  8970 | D:9      | Killed a death yak
  8970 | D:9      | Received a gift from Okawaru
  8976 | D:9      | Got a shimmering broad axe {god gift}
  8979 | D:9      | Identified the +1 broad axe "Killer Klown's Bane" {chop, rElec} (Okawaru gifted it to you on level 9 of the Dungeon)
  8996 | D:10     | Killed a death yak
  8996 | D:10     | Reached skill level 10 in Fighting
  9120 | D:10     | Reached skill level 10 in Axes
  9152 | D:10     | Noticed a hill giant
  9152 | D:10     | Noticed a fire giant
  9284 | D:9      | Killed a hill giant
  9463 | D:9      | Killed from afar by a fire giant

Skill      XL: |  1  2  3  4  5  6  7  8  9 10 11 |
---------------+----------------------------------+-----
Fighting       | 4 5 6 7 8 9 10 | 10.2
Shields        | 4 5 6 7 9 10 | 10.7
Axes           | 3 4 5 6 7 8 9 10 | 10.0
Armour         | 4 5 6 7 8 9 |  9.9
Invocations    | 1 3 4 5 |  5.9
Long Blades    | 3 |  3.1
Maces & Flails | 2 3 |  3.3
Stealth        | |  0.1
Evocations     | |  0.3

Action                   |  1- 3 |  4- 6 |  7- 9 | 10-12 || total
-------------------------+-------+-------+-------+-------++-------
Melee: War axe           |    85 |   162 |   164 |       ||   411
       Headbutt          |    11 |    30 |   100 |   109 ||   250
       Scimitar          |       |       |   226 |       ||   226
       Whip              |       |       |    59 |   431 ||   490
       Broad axe         |       |       |       |    31 ||    31
Invok: Heroism           |       |       |       |     1 ||     1
Evoke: Wand              |       |       |     3 |    13 ||    16
  Use: Scroll            |       |    11 |     8 |     4 ||    23
       Potion            |       |       |     4 |     1 ||     5
 Stab: Confused          |       |       |       |     1 ||     1
  Eat: Chunk             |     1 |     7 |    13 |     7 ||    28
       Royal jelly       |       |       |     1 |     1 ||     2
       Pizza             |       |       |     1 |       ||     1
Armor: Scale mail        |    38 |    86 |    31 |       ||   155
       Plate armour      |       |       |   235 |   274 ||   509
       Chain mail        |       |       |    52 |       ||    52
Dodge: Dodged            |    24 |    52 |   103 |    81 ||   260
Block: Shield            |    53 |    87 |   271 |   274 ||   685
